 Dungeon Crawl Stone Soup version 0.18-a0-1778-gadce9fa (webtiles) character file.

392 M4edhros the Sneak (level 6, -1/38 HPs)
             Began as an Octopode Artificer on Apr 16, 2016.
             Slain by a gnoll
             ... wielding a +0 halberd
              (9 damage)
             ... on level 4 of the Dungeon.
             The game lasted 00:08:40 (1449 turns).

M4edhros the Sneak (Octopode Artificer)             Turns: 1449, Time: 00:08:41

Health: -1/38      AC:  1    Str: 10    XL:     6   Next: 81%
Magic:  8/8        EV: 10    Int: 14    God:
Gold:   86         SH:  8    Dex: 15    Spells: 0 memorised, 5 levels left

rFire  . . .     SeeInvis .     y - +4 dagger (venom)
rCold  . . .     Gourm    .     t - +0 shield
rNeg   + . .     Faith    .     (helmet restricted)
rPois  .         Spirit   .     D - amulet of dismissal
rElec  .         Dismiss  +     l - ring of positive energy
rCorr  .         Reflect  .     (no ring)
SustAt .         Harm     .     (no ring)
MR     .....                    (no ring)
Stlth  ++++......               (no ring)
                                (no ring)
                                (no ring)
                                (no ring)

@: not resistant to hostile enchantments, stealthy
A: almost no armour, amphibious, 8 rings, constrict 8, camouflage 1, gelatinous
body 1
a: no special abilities


You were on level 4 of the Dungeon.
You were not hungry.

You visited 1 branch of the dungeon, and saw 4 of its levels.

You collected 86 gold pieces.

Inventory:

Hand Weapons
 a - a +0 short sword
 j - a +0 hunting sling
 q - a +2 spear of flaming
 y - a +4 dagger of venom (weapon)
Missiles
 e - 146 stones (quivered)
 p - 21 sling bullets
 x - 6 javelins
Armour
 t - a +0 shield (worn)
Jewellery
 l - a ring of positive energy (left tentacle)
 z - an uncursed ring of ice
 D - an amulet of dismissal (around mantle)
Wands
 b - a wand of flame (11/48)
 c - a wand of enslavement (12/24)
 d - a wand of random effects (32/48)
Scrolls
 g - a scroll of recharging
 i - a scroll of noise
 k - 2 scrolls of enchant armour
 r - 3 scrolls of random uselessness
Potions
 h - a potion of beneficial mutation {unknown}
 s - a potion of might {unknown}
 u - a potion of mutation {unknown}
 v - 3 potions of brilliance {unknown}
 w - a potion of berserk rage {unknown}
 A - a potion of cure mutation
 C - 2 potions of agility {unknown}
Books
 B - a Fen Folio

   Spells                             Type                      Level
   a - Corpse Rot                     Necromancy                   2
   b - Stone Arrow                    Conjuration/Earth            3
   c - Leda's Liquefaction            Hexes/Earth                  4
   d - Summon Forest                  Summoning/Translocation      5
   e - Hydra Form                     Transmutation                6
   f - Summon Hydra                   Summoning                    7
Comestibles
 f - 5 bread rations
 m - a meat ration
 n - a beef jerky
 o - 4 chunks of flesh


   Skills:
 - Level 1.0 Fighting
 - Level 1.0 Short Blades
 * Level 4.2 Slings
 - Level 2.0 Dodging
 + Level 5.3 Stealth
 * Level 3.2 Shields
 - Level 3.2 Evocations


You had 5 spell levels left.
You didn't know any spells.

Dungeon Overview and Level Annotations

Branches:
Dungeon (4/15)
 Temple: D:4-7

Altars:


Innate Abilities, Weirdness & Mutations

You cannot wear most types of armour.
You are amphibious.
You can wear up to eight rings at the same time.
You can use your tentacles to constrict eight enemies at once.
Your skin changes colour to match your surroundings (Stealth).
Your rubbery body absorbs attacks (AC +1).


Message History

You hit the gnoll.
You kill the gnoll!
You hit the gnoll. You grab the gnoll.
The gnoll is moderately wounded.
You constrict the gnoll. The gnoll hits you with a club!
Your amulet of dismissal vibrates suddenly!
The gnoll disappears!
You lose your grip on the gnoll.
The gnoll shouts!
You see here a spear.
Really walk into a travel-excluded area?
There is a shaft here.
Really walk into a travel-excluded area?
There is a stone staircase leading up here.
The gnoll hits you with a halberd!
* * * LOW HITPOINT WARNING * * *
There is a stone staircase leading up, spattered with blood here.
You barely miss the gnoll. You grab the gnoll. You squeeze the gnoll.
The gnoll is heavily wounded.
You constrict the gnoll. The gnoll hits you with a halberd!
You die...

#.##....##..##..#....###
#....)......##.##.....##
...#....#..............
.###....#............###
## #....#............#
###..#............#
##..............#
###.#....)...g...#
#........#..@###.#
...#.#....###.###)####
#......###..##....#
#..##........^...#..#
#.... #.......####.#
...l #... #.......# #..#
#... #... #.......#
##... .. #.. #.......#
##.. . #(. #.......#
##..


You could see a gnoll.

Vanquished Creatures
  Sigmund (D:4)
  A necrophage (D:4)
  4 gnolls (D:4)
  2 adders
  A worm (D:2)
  2 dart slugs (D:2)
  4 giant geckos
  9 orcs
  3 giant cockroaches
  6 goblins
  5 hobgoblins
  A jackal (D:2)
  4 kobolds
  2 quokkas
  6 bats
  A giant newt (D:1)
  5 rats
  A plant (D:2)
58 creatures vanquished.

Vanquished Creatures (collateral kills)
  An iguana (D:4)
1 creature vanquished.

Grand Total: 59 creatures vanquished

Notes
Turn   | Place    | Note
--------------------------------------------------------------
     0 | D:1      | M4edhros the Octopode Artificer began the quest for the Orb.
     0 | D:1      | Reached XP level 1. HP: 13/13 MP: 3/3
    73 | D:1      | Reached skill level 2 in Stealth
    90 | D:1      | Reached skill level 3 in Stealth
    90 | D:1      | Reached XP level 2. HP: 13/18 MP: 4/4
   458 | D:1      | Reached XP level 3. HP: 23/23 MP: 5/5
   519 | D:1      | Reached skill level 1 in Slings
   555 | D:2      | Reached skill level 4 in Stealth
   970 | D:3      | Reached XP level 4. HP: 28/28 MP: 6/6
  1039 | D:4      | Reached skill level 1 in Shields
  1063 | D:4      | Noticed Sigmund
  1085 | D:4      | Noticed a necrophage
  1097 | D:4      | Killed a necrophage
  1097 | D:4      | Reached XP level 5. HP: 10/33 MP: 7/7
  1265 | D:3      | Reached XP level 6. HP: 31/38 MP: 8/8
  1411 | D:4      | Killed Sigmund
  1411 | D:4      | Reached skill level 5 in Stealth
  1449 | D:4      | Slain by a gnoll

Vault maps used:
D:1:      dpeg_arrival_chase, nemelex_deck
D:2:      wad_woods_pond, fountainhead, kennysheep_potato
D:3:      nrook_loot_triangle
D:4:      uniq_sigmund

Skill      XL: |  1  2  3  4  5  6 |
---------------+-------------------+-----
Stealth        | 3 4 5 |  5.3
Slings         | 2 3 4 |  4.2
Shields        | 2 3 |  3.2
Fighting       | |  1.0
Short Blades   | |  1.0
Dodging        | |  2.0
Evocations     | |  3.2

Action                   |  1- 3 |  4- 6 || total
-------------------------+-------+-------++-------
Melee: Short sword       |    23 |       ||    23
       Constrict         |    16 |    14 ||    30
       Tentacles         |    15 |    10 ||    25
       Spear             |    50 |       ||    50
       Dagger            |    10 |    41 ||    51
 Fire: Hunting sling     |    27 |     4 ||    31
Throw: Stone             |     4 |       ||     4
Evoke: Wand              |       |     7 ||     7
  Use: Scroll            |     4 |     2 ||     6
 Stab: Sleeping          |     5 |     7 ||    12
  Eat: Chunk             |       |     2 ||     2
Armor: Skin              |     4 |     1 ||     5
Dodge: Dodged            |    26 |    12 ||    38
Block: Shield            |     3 |     7 ||    10
